Get step-by-step instructions on how to execute this build order below. Start the game timer, and the build order will tick by so you can play in parallel with StarCraft on a second screen or mobile device.

Game Time

  0:00

Last Step

  N/A

Next Step

  12  0:00  Probe (Chrono Boost)  

Upcoming Step

  13  0:10  Probe (Chrono Boost)  

Don't want to look back and forth between 2 screens? Try out our Overwolf App, the Spawning Tool Build Advisor to get an in-game overlay with this build!

Complete Build Order

  12  0:00  Probe (Chrono Boost)  
  13  0:10  Probe (Chrono Boost)  
  14  0:19  Pylon  
  14  0:21  Probe (Chrono Boost)  
  15  0:37  Probe (Chrono Boost), Gateway  
  16  0:47  Probe (Chrono Boost)  
  16  0:48  Assimilator  
  17  0:56  Probe (Chrono Boost)  
  18  1:06  Probe (Chrono Boost)  
  19  1:16  Probe (Chrono Boost)  
  20  1:25  Cybernetics Core  
  20  1:26  Probe (Chrono Boost)  
  21  1:38  Nexus  
  21  1:41  Probe (Chrono Boost)  
  22  1:48  Pylon  
  22  1:51  Probe (Chrono Boost)  
  23  1:55  Assimilator  
  23  2:06  Mothership Core (Chrono Boost)  
  25  2:11  Adept  
  27  2:24  Probe (Chrono Boost), Warp Gate  
  28  2:33  Probe (Chrono Boost)  
  29  2:42  Robotics Facility  
  29  2:43  Probe (Chrono Boost)  
  30  2:49  Probe (Chrono Boost), Pylon  
  31  2:53  Probe (Chrono Boost), Adept  
  34  2:59  Probe (Chrono Boost)  
  34  3:03  Probe (Chrono Boost)  
  36  3:09  Probe (Chrono Boost)  
  36  3:11  Gateway  
  37  3:21  Probe (Chrono Boost)  
  37  3:23  Probe (Chrono Boost)  
  37  3:26  Gateway  
  37  3:30  Probe (Chrono Boost)  
  37  3:33  Warp Prism (Chrono Boost)  
  42  3:44  Gateway  
  42  3:47  Gateway  
  40  3:53  Gateway  
  40  3:54  Probe (Chrono Boost)  
  41  3:56  Probe (Chrono Boost)  
  42  4:05  Probe x2  
  44  4:11  Observer (Chrono Boost)  
  44  4:12  Twilight Council  
  44  4:15  Probe  
  45  4:17  Probe  
  45  4:18  Pylon  
  47  4:25  Probe  
  47  4:29  Probe  
  49  4:35  Probe, Observer (Chrono Boost)  
  51  4:40  Adept x3, Pylon  
  51  4:43  Adept  
  61  4:47  Pylon  
  59  4:59  Pylon  
  59  5:05  Adept x3  
  59  5:06  Adept x2  
  69  5:13  Warp Prism (Chrono Boost)  
  69  5:25  Shield Upgrade (Chrono Boost)  
  65  5:28  Adept x2  
  65  5:29  Adept x4  
  77  5:35  Probe  
  77  5:38  Probe  
  77  5:55  Probe  
  77  5:57  Probe  
  76  5:59  Nexus  
  76  6:03  Adept  
  76  6:04  Adept x4  
  81  6:09  Probe  
  86  6:13  Probe  
  86  6:17  Pylon  
  79  6:18  Pylon  
  79  6:31  Stalker x3  
  85  6:46  Adept x3  
  91  6:54  Stalker x2  
  91  6:55  Stalker  
  97  7:02  Pylon  
  97  7:03  Pylon  
  95  7:11  Observer (Chrono Boost)  
  95  7:12  Adept x3  
  93  7:22  Adept x3